 Dungeon Crawl Stone Soup version 0.26.0-11-g8f856b5395 (webtiles) character file.

Game seed: 11013761803623438058

37 4Zeroes the Skirmisher (level 3, -6/29 HPs)
             Began as a Demonspawn Abyssal Knight on Jan 15, 2021.
             Was a Follower of Lugonu.
             Mangled by a gnoll
             ... wielding a +0 club
              (7 damage)
             ... on level 2 of the Dungeon.
             The game lasted 00:11:47 (1787 turns).

4Zeroes the Skirmisher (Demonspawn Abyssal Knight)  Turns: 1787, Time: 00:11:48

Health: -6/29      AC:  3    Str: 13    XL:     3   Next: 23%
Magic:  5/5        EV: 11    Int: 13    God:    Lugonu [*.....]
Gold:   57         SH:  0    Dex: 12    Spells: 2/2 levels left

rFire    . . .     SeeInvis .   a - +2 falchion
rCold    . . .     Faith    .   (no shield)
rNeg     . . .     Spirit   .   b - +0 leather armour
rPois    .         Reflect  .   (no helmet)
rElec    .         Harm     .   (no cloak)
rCorr    .         Rampage  .   (no gloves)
Will     .....                  (no boots)
Stlth    +.........             (no amulet)
HPRegen  0.09/turn              (no ring)
MPRegen  0.09/turn              (no ring)

@: no status effects
A: demonic guardian 1
a: Renounce Religion, Depart the Abyss


You were on level 2 of the Dungeon.
You worshipped Lugonu.
Lugonu was aware of your devotion.
You visited 1 branch of the dungeon, and saw 2 of its levels.
You visited the Abyss 1 time.

You collected 57 gold pieces.

Inventory:

Hand Weapons
 a - a +2 falchion (weapon)
 f - a +0 club
 g - a +0 club
 i - a +0 whip
 k - a +0 dagger
 m - a +0 club
 n - a +0 club
Missiles
 d - 3 large rocks
 h - 35 stones
 r - 7 poisoned darts
Armour
 b - a +0 leather armour (worn)
 q - a cursed +0 cloak
Jewellery
 l - an uncursed ring of stealth {unknown}
Scrolls
 c - 3 scrolls of remove curse
 j - 2 scrolls of teleportation
 o - a scroll of enchant armour {unknown}
 s - a scroll of identify
 t - a scroll of fear {unknown}
Potions
 e - a potion of degeneration
 p - 2 potions of curing


   Skills:
 * Level 3.5 Fighting
 * Level 2.3 Long Blades
 * Level 2.1 Armour
 + Level 0.8 Dodging
 * Level 2.8 Invocations


You had 2 spell levels left.
You didn't know any spells.
Your spell library was empty.

Dungeon Overview and Level Annotations

Branches:
Dungeon (2/15)

Altars:


Innate Abilities, Weirdness & Mutations

A weak demonic guardian rushes to your aid.


Message History

You riposte.
You barely miss the gnoll. The gnoll closely misses you.
The frilled lizard closely misses you.
The gnoll hits you from afar with a +0 spear.
You hit the gnoll but do no damage.
Your quasit bites the gnoll.
Your quasit claws the gnoll but does no damage.
Your quasit claws the gnoll.
The frilled lizard barely misses you. The gnoll hits you. The gnoll hits you!
The gnoll hits you from afar with a +0 spear.
The gnoll hits you with a +0 club.
* * * LOW HITPOINT WARNING * * *
You can't go down here!
Your quasit closely misses the gnoll.
Your quasit claws the gnoll but does no damage.
Your quasit closely misses the gnoll.
The frilled lizard closely misses you. The gnoll hits you.
* * * LOW HITPOINT WARNING * * *
The gnoll hits you.
* * * LOW HITPOINT WARNING * * *
The gnoll completely misses you. The gnoll hits you with a +0 club!
You die...

# #.#g###
#...g@#
#...ggl...#
#.#5#####.#
# #. #


You could see 4 gnolls, a frilled lizard and a friendly quasit (summoned).

Vanquished Creatures
  A dart slug (D:1)
  A bat (D:1)
  3 giant cockroaches (D:1)
  4 hobgoblins (D:1)
  7 jackals (D:1)
  A ball python (D:1)
  3 frilled lizards (D:1)
  4 goblins (D:1)
  5 kobolds (D:1)
  3 rats (D:1)
32 creatures vanquished.

Notes
Turn   | Place    | Note
-------+----------+-------------------------------------------
     0 | Abyss:1  | 4Zeroes the Demonspawn Abyssal Knight began the quest for
                  | the Orb.
     0 | Abyss:1  | Reached XP level 1. HP: 18/18 MP: 2/2
    27 | D:1      | Escaped the Abyss
   491 | D:1      | Gained mutation: A weak demonic guardian rushes to your
                  | aid. [demonic ancestry]
   491 | D:1      | Reached XP level 2. HP: 15/24 MP: 3/3
   695 | D:1      | Reached * piety under Lugonu
  1233 | D:1      | Reached XP level 3. HP: 17/29 MP: 5/5
  1787 | D:2      | HP: 1/29 [gnoll (6)]
  1787 | D:2      | Mangled by a gnoll

Illustrated notes

Levels and vault maps discovered:
D:1:      evilmike_arrival_fibonacci_small, layout_loops_corners, st_stairs_5,
          minmay_hexomino_c4
D:2:      layout_basic, kennysheep_slug_shrine, grunt_gozag_breadcrumbs,
          kennysheep_crisscross

Skill      XL: |  1  2 |
---------------+-------+-----
Long Blades    | 2 |  2.3
Armour         | 2 |  2.1
Fighting       | |  3.5
Dodging        | |  0.8
Invocations    | |  2.8

Action                   || total
-------------------------++-------
Melee: Falchion          ||    78
Invok: Depart the Abyss  ||     1
  Use: Scroll            ||     5
Armor: Leather armour    ||    24
Dodge: Dodged            ||    63
       Rpst.: Falchion   ||    17
